 Dungeon Crawl Stone Soup version 0.29-a0-998-g1987434951 (webtiles) character file.

Game seed: 6176584240434652282

29 drpainis the Chopper (level 3, -4/23 (33) HPs)
             Began as a Hill Orc Monk on Aug 6, 2022.
             Slain by Terence
             ... wielding a +1 hand axe of draining
              (9 damage)
             ... on level 1 of the Dungeon.
             The game lasted 00:01:32 (1344 turns).

drpainis the Chopper (Hill Orc Monk)                Turns: 1344, Time: 00:01:33

HP:   -4/23 (33)    AC:  3    Str: 15    XL:     3   Next: 16%
MP:   3/3           EV: 12    Int: 10    God:
Gold: 44            SH:  0    Dex: 13    Spells: 2/2 levels left

rFire   . . .      SeeInvis .   a - +0 hand axe
rCold   . . .      Faith    .   (no shield)
rNeg    . . .      Spirit   .   b - +0 robe
rPois   .          Reflect  .   h - +0 helmet
rElec   .          Harm     .   (no cloak)
rCorr   .          Rampage  .   (no gloves)
Will    .....                   (no boots)
Stlth   +.........              (no amulet)
HPRegen 0.07/turn               (no ring)
MPRegen 0.08/turn               (no ring)

@: confused, ambrosia-drunk, attractive, very heavily drained
A: no striking features
a: no special abilities


You were on level 1 of the Dungeon.
You visited 1 branch of the dungeon, and saw 2 of its levels.

You collected 44 gold pieces.

Inventory:

Hand Weapons
 a - a +0 hand axe (weapon)
Missiles
 l - 4 poisoned darts (quivered)
Armour
 b - a +0 robe (worn)
 h - a +0 helmet (worn)
Scrolls
 d - a scroll of summoning {unknown}
 e - a scroll of poison {unknown}
 g - 3 scrolls of identify {unknown}
 j - a scroll of immolation {unknown}
Potions
 f - a potion of curing {unknown}
 i - a potion of attraction
 k - a potion of heal wounds {unknown}


   Skills:
 + Level 4.2 Fighting
 + Level 4.6 Axes
 + Level 2.6 Dodging
 + Level 1.6 Stealth


You had 2 spell levels left.
You didn't know any spells.
Your spell library was empty.

Dungeon Overview and Level Annotations

Branches:
Dungeon (2/15)

Altars:

Shops:
D:1 (

Annotations:
D:1 Terence


Message History

You closely miss Terence. You barely miss the jackal.
You closely miss the jackal. The jackal closely misses you.
The jackal barely misses you. Terence barely misses you.
You closely miss the jackal. Your punch misses the jackal.
You hit Terence but do no damage. You miss the jackal.
The jackal closely misses you. The jackal completely misses you.
The jackal bites you. The jackal misses you.
Terence hits you with a +1 hand axe of draining!
You feel drained.
You hit the jackal.
You kill the jackal!
You closely miss Terence. You hit the jackal.
The jackal bites you but does no damage.
Terence hits you with a +1 hand axe of draining.
* * * LOW HITPOINT WARNING * * *
You feel drained.
You are confused.
You feel invigorated. The jackal closely misses you.
Terence hits you with a +1 hand axe of draining.
* * * LOW HITPOINT WARNING * * *
You feel drained.
* * * LOW HITPOINT WARNING * * *
The jackal closely misses you. Terence misses you.
You see here a jackal corpse.
You hit the jackal.
You kill the jackal!
You hit Terence.
Terence hits you with a +1 hand axe of draining.
You feel drained.
Terence hits you with a +1 hand axe of draining.
* * * LOW HITPOINT WARNING * * *
You feel drained.
* * * LOW HITPOINT WARNING * * *
Terence hits you with a +1 hand axe of draining.
* * * LOW HITPOINT WARNING * * *
You feel drained.
* * * LOW HITPOINT WARNING * * *
Terence hits you with a +1 hand axe of draining!
You die...

############ #∩.........#
#..........#
#....).....################
#.........................#
#>.........##############.####
#..........# ############....#
####..###### #.........#####.#
#.## #..@......# #.# #.#
#...@>....# #.#### ##.#
#######...†.....# #..... ##..#
#.....#.........# ######
##..## #.....#####.##### #..##
#.....# #.# #######
#.######.....# ##.# ##..(##.
#.# #..#.....####..####
##....... #.#
#.................###........


You could see Terence.

Vanquished Creatures
  3 dart slugs (D:1)
  A bat (D:1)
  3 endoplasms (D:1)
  A giant cockroach (D:1)
  2 goblins (D:1)
  2 hobgoblins (D:1)
  6 jackals (D:1)
18 creatures vanquished.

Notes
Turn   | Place    | Note
-------+----------+-------------------------------------------
     0 | D:1      | drpainis the Hill Orc Monk began the quest for the Orb.
     0 | D:1      | Reached XP level 1. HP: 19/19 MP: 1/1
   258 | D:1      | Reached XP level 2. HP: 20/27 MP: 2/2
   758 | D:1      | Found a faded altar of an unknown god.
  1019 | D:1      | Reached XP level 3. HP: 31/33 MP: 3/3
  1094 | D:1      | Found Opaclum's Antique Weapon Shop.
  1328 | D:2      | Noticed Terence
  1344 | D:1      | Slain by Terence

Illustrated notes

Levels and vault maps discovered:
D:1:      elethiomel_arrival_quiet, layout_rooms, serial_shops, shop,
          ebering_ecumenical_altar_hall, minmay_misc_feat_doors
D:2:      minmay_evil_eye, layout_rooms, uniq_terence

Skill      XL: |  1 |
---------------+----+-----
Fighting       | 4 |  4.2
Axes           | |  4.6
Dodging        | |  2.6
Stealth        | |  1.6

Action                   || total
-------------------------++-------
Melee: Hand axe          ||    74
  Use: Potion            ||     2
 Stab: Sleeping          ||     1
Armor: Robe              ||    30
Dodge: Dodged            ||    83

Table legend: (Time is in decaauts)
 A = Elapsed time spent in this place.
 B = Non-inter-level travel time spent in this place.
 C = Inter-level travel time spent in this place.
 D = Time resting spent in this place.
 E = Time spent auto-exploring this place.
 F = Levels seen in this place.
 G = Mean time per level.
                   A        B        C        D        E       F      G
               +--------+--------+--------+--------+--------+-----+--------+
         Total |   1350 |   1301 |     49 |      0 |   1050 |   2 |  675.0 |
       Dungeon |   1350 |   1301 |     49 |      0 |   1050 |   2 |  675.0 |
               +--------+--------+--------+--------+--------+-----+--------+

Top non-repeatable levels by time:
     D:1: 1344 daAuts
     D:2: 5 daAuts
